Workbook

Sheet COTIZACION
B10: FORMATO SOLICITUD DE COTIZACION - TRAZABILIDAD BIENESTARINA
B12: EMPRESA: | E12: CONTACTO: | G12: TEL: | H12: FECHA:
B13: CARGO: | E13: E-MAIL: | G13: CEL:
B15: Por favor diligenciar solo las celdas en AMARILLO y NO modificar el orden de las columnas . | G15: Plazo de ejecuión estimado (días calendario) | H15: No. De Meses (Nota 1)
B16: Consultar NOTAS sobre el diligenciamiento del formato al final del documento.
B17: La cotización deberá remitirse en PESOS COLOMBIANOS. | G17: 130 | H17: =+G17/30 -> 4.3333333
B20: GRUPO | C20: CARGO (Nota 2) | E20: CANTIDAD | F20: SUELDO u HONORARIOS MES | G20: DÍAS DE DEDICACIÓN AL MES | H20: TOTAL PERSONAL
B21: PERSONAL CLAVE | C21: Director | E21: 1 | G21: 30 | H21: =+ROUND(((F21*G21)*E21)*$H$17,0) -> 0
C22: Especialista en trazabilidad | E22: 1 | G22: 30 | H22: =+ROUND(((F22*G22)*E22)*$H$17,0) -> 0
C23: Coordinador técnico | E23: 1 | G23: 30 | H23: =+ROUND(((F23*G23)*E23)*$H$17,0) -> 0
B24: PERSONAL DE APOYO | C24: Coordinadores zonales | E24: 4 | G24: 30 | H24: =+ROUND(((F24*G24)*E24)*$H$17,0) -> 0
C25: Asistente Técnico | E25: 41 | G25: 5 | H25: =+ROUND(((F25*G25)*E25)*$H$17,0) -> 0
B26: SUBTOTAL COSTO PERSONAL | H26: =SUM(H21:H25) -> 0
B27: TECNOLOGÍA PARA LA GESTIÓN DE INFORMACIÓN | C27: CONCEPTO | E27: CANTIDAD | F27: COSTO UNITARIO | G27: CANTIDAD | H27: TOTAL
C28: Valor disponibilidad del sistema de información durante el plazo de ejecución | E28: Global | F28: No aplica | G28: No aplica
C29: Valor disponibilidad dispositivos para marcación de datos | G29: 3 | H29: =E29*F29*G29 -> 0
C30: Valor disponibilidad dispositivos para recolección de datos | G30: 3 | H30: =E30*F30*G30 -> 0
C31: Elementos para la marcación e didentificación de las bolas y sacos | G31: No aplica | H31: =E31*F31 -> 0
B32: SUBTOTAL TECNOLOGÍA PARA LA GESTIÓN DE INFORMACIÓN | H32: =SUM(H28:H31) -> 0
B33: DESPLAZAMIENTO | C33: CONCEPTO | H33: TOTAL
C34: Desplazamiento y viáticos
B35: SUBTOTAL COSTO PERSONAL + TECNOLOGÍA PARA LA GESTIÓN DE INFORMACIÓN + DESPLAZAMIENTOS | H35: =H26+H34+H32 -> 0
B36: ADMINISTRACIÓN Y UTILIDAD (Nota 3) | C36: CONCEPTO | D36: % | H36: TOTAL
C37: Administración | D37: 0 | H37: =ROUND(D37*$H$35,0) -> 0
C38: Utilidad | D38: 0 | H38: =ROUND(D38*$H$35,0) -> 0
B39: SUBTOTAL ADMINISTRACIÓN Y UTILIDAD | H39: =SUM(H37:H38) -> 0
B40: SUBTOTAL COSTO PERSONAL + DESPLAZAMIENTOS + ADMINISTRACIÓN y UTILIDAD | H40: =+H35+H39 -> 0
B41: IMPUESTOS | C41: CONCEPTO | D41: CANTIDAD | H41: TOTAL
C42: IVA | D42: 0.16 | H42: =ROUND(D42*$H$40,0) -> 0
C43: I.C.A. | D43: =9.66/1000 -> 0.00966 | H43: =ROUND(D43*$H$40,0) -> 0
C44: G.M.F | D44: 0.004 | H44: =ROUND(D44*$H$40,0) -> 0
B45: SUBTOTAL IMPUESTOS | H45: =SUM(H42:H44) -> 0
B46: TOTAL CONSULTORIA | H46: =+H45+H40 -> 0
B48: Notas
B49: (1) Numero de Meses: El plazo de ejecuciín estimado es 130 días calendario el cual dividido en 30 dias es igual a 4,33 meses.Ver el documento Ficha Técnica adjuto para información detallada
B50: (2) Cargo: Revisarel documento Anexo No 1 para información detallada de la experiencia del personal requerido
B51: (3) Administración y Utilidad: Administración y Utilidad: Anotar los procentajes que correspondan a estos dos factores. Con respecto a la Administración, incluir en este los costos correspondientes a las polizas para la legalización del contrato, gastos de oficina, papeleria y demás indirectos relacionados con el contrato
B53: La presente Cotización incluye todos los costos directos e indirectos en que incurra la empresa contratista durante la ejecución del contrato. Así mismo esta cotización cuenta con las obligaciones tributarias de acuerdo con las normas aplicables para el tipo de servicio y contrato correspondiente y, los costos de las pólizas.
B54: La presente cotización incluye todos los gastos para cumplir cabalmente con el contrato, de acuerdo con las especificaciones de la Ficha Técnica del Servicio.
B55: La presente cotización se remite como parte del estudio de mercado, previo a la contratación, y no implica ninguna obligación de contratar.

Sheet POLIZAS
B9: CONCEPTOS A TENER EN CUENTA
B12: El presente cuadro es de carácter informativo, no se debe diligenciar. Sin embargo se entiende que la cotización incluye la totalidad de los conceptos relacionados a continuación.
B14: POLIZAS PARA LEGALIZACIÓN DEL CONTRATO
B16: CONCEPTO | D16: COBERTURA | E16: PLAZO (En Meses)
B17: Garantía de Seriedad de la oferta | D17: 0.1 | E17: =+COTIZACION!H17 -> 4.3333333
B18: Cumplimiento | D18: 0.2 | E18: =4+COTIZACION!H17 -> 8.3333333
B19: Salarios, Prestaciones | D19: 0.1 | E19: =36+COTIZACION!H17 -> 40.333333
B20: Calidad de los Servicios | D20: 0.2 | E20: =4+COTIZACION!H17 -> 8.3333333
B21: Responsabilidad civil extracontraactual | D21: 0.1 | E21: =+COTIZACION!H17 -> 4.3333333
B23: El valor a cubrir corresponde al costo total del servicio

Sheet INFORMACION FINANCIERA
B2: República de Colombia Departamento Administrativo para la Prosperidad Social Instituto Colombiano de Bienestar Familiar Cecilia de la Fuente de Lleras Dirección de Logística y Abastecimiento
B4: FOTMATO INFORMACIÓN FINANCIERA - ESTUDIO DE MERCADO
B7: EMPRESA
B8: CONTACTO | H8: TELEFONO
B9: CARGO | H9: CELULAR
B11: Instrucciones para diligenciar este Anexo:
B12: 1. Diligenciar todos los indicadores con información con corte a diciembre 31 de 2011
B13: 2. Diligenciar los campos en amarillo.
B15: Información Financiera con corte a diciembre 31 de 2011 (De acuerdo con art. 6.2.2.4. del Decreto 734 de 2012)
B17: Indicador | C17: Descripción | I17: Indicador
B18: Capital real del proponente | C18: Capital social efectivamente pagado más las reservas constituidas, más las utilidades retenidas, más las utilidades del ejercicio. | J18: En pesos
B19: Liquidez | C19: Activo corriente sobre pasivo corriente | J19: Veces
B20: Nivel de endeudamiento | C20: Pasivo total sobre activo total | J20: Porcentaje
B21: Capital de trabajo | C21: Activo corriente menos pasivo corriente | J21: En pesos
B22: Indicador de Riesgo | C22: Activos fijos sobre el patrimonio neto | J22: Porcentaje
B23: EBITDA | C23: Utilidad operacional más depreciaciones y amortizaciones. | J23: En pesos
B24: Crecimiento EBITDA | C24: EBITDA del último año (2011) sobre el EBITDA del año inmediatamente anterior (2010) | J24: Porcentaje
B25: Rotación del inventario | C25: Costos de ventas sobre inventario | J25: Veces
